 Dungeon Crawl Stone Soup version 0.27-a0-277-g024f7ef292 (webtiles) character file.

Game seed: 3706421961722664450

56 innerfire34 the Grave Robber (level 3, -3/27 HPs)
             Began as a Demonspawn Wanderer on Feb 7, 2021.
             Slain by a kobold
             ... wielding a +0 club
              (5 damage)
             ... on level 2 of the Dungeon.
             The game lasted 00:04:43 (2058 turns).

innerfire34 the Grave Robber (Demonspawn Wanderer)  Turns: 2058, Time: 00:04:43

Health: -3/27      AC:  6    Str: 14    XL:     3   Next: 71%
Magic:  5/5        EV: 10    Int: 13    God:
Gold:   91         SH:  0    Dex: 11    Spells: 4/5 levels left

rFire    . . .     SeeInvis .   i - +0 spear (curse)
rCold    . . .     Faith    .   (no shield)
rNeg     . . .     Spirit   .   k - +0 ring mail (curse)
rPois    .         Reflect  .   (no helmet)
rElec    .         Harm     .   (no cloak)
rCorr    .         Rampage  .   (no gloves)
Will     .....                  (no boots)
Stlth    +.........             (no amulet)
HPRegen  0.09/turn              (no ring)
MPRegen  0.09/turn              (no ring)

@: no status effects
A: rugged brown scales 1, powered by death 1
a: no special abilities


You were on level 2 of the Dungeon.
You visited 1 branch of the dungeon, and saw 2 of its levels.

You collected 91 gold pieces.

Inventory:

Hand Weapons
 a - a +2 mace
 i - a cursed +0 spear (weapon)
Armour
 d - a +0 robe
 f - a +0 chain mail
 k - a cursed +0 ring mail (worn)
Jewellery
 b - an uncursed ring of ice {unknown}
 c - a +4 ring of protection {unknown}
 l - an uncursed ring of ice {unknown}
Scrolls
 h - a scroll of noise
Potions
 e - 2 potions of heal wounds


   Skills:
 + Level 2.1 Fighting
 * Level 1.7 Maces & Flails
 + Level 0.3 Polearms
 - Level 1.0 Throwing
 + Level 0.6 Armour
 + Level 0.4 Dodging
 * Level 1.9 Spellcasting
 - Level 1.0 Hexes
 + Level 3.7 Necromancy
 - Level 1.0 Evocations


You had 4 spell levels left.
You knew the following spells:

 Your Spells              Type           Power        Failure   Level
a - Animate Skeleton      Necr           20%          12%         1

Your spell library contained the following spells:

 Spells                   Type           Power        Failure   Level
 Vampiric Draining        Necr           5%           34%         3
 Corpse Rot               Necr/Air       N/A          36%         2
 Poisonous Vapours        Pois/Air       2%           63%         2


Dungeon Overview and Level Annotations

Branches:
Dungeon (2/15)

Altars:


Innate Abilities, Weirdness & Mutations

You are partially covered in rugged brown scales. (AC +1, +3% HP)
You regenerate a little health from kills.


Message History

* * * LOW HITPOINT WARNING * * *
You hit the kobold but do no damage.
The kobold is moderately wounded.
You hit the kobold but do no damage.
The kobold is moderately wounded.
The kobold closely misses you.
You hit the kobold but do no damage.
The kobold is moderately wounded.
The kobold hits you with a +0 club.
* * * LOW HITPOINT WARNING * * *
You hit the kobold but do no damage.
The kobold is moderately wounded.
The kobold hits you with a +0 club.
* * * LOW HITPOINT WARNING * * *
You hit the kobold but do no damage.
The kobold is moderately wounded.
The kobold barely misses you.
Your ring mail prevents you from hitting the kobold.
The kobold hits you with a +0 club.
You die...

#### #.. # ##.## #.
##...###########
..###.##..............###
.....................#...
.#.@K...###.##.###..
#.#....# #...#.#.##
#.##...###.#.##.##
#.##.<#...##.####
#.##..##.###.# #......#.#
#.# ####)..#.# #.#
#...#.# #.# ##.##.# #.#


You could see a kobold (strong).

Vanquished Creatures
  3 adders (D:2)
  A dart slug (D:2)
  2 leopard geckos
  2 giant cockroaches
  5 goblins
  4 hobgoblins
  4 bats
  4 kobolds
  2 rats (D:1)
27 creatures vanquished.

Notes
Turn   | Place    | Note
-------+----------+-------------------------------------------
     0 | D:1      | innerfire34 the Demonspawn Wanderer began the quest for the
                  | Orb.
     0 | D:1      | innerfire34 set off with the following items: a +2 mace, a
                  | +0 robe; and the following spell memorised: Animate
                  | Skeleton; and the following spells available to memorise:
                  | Corpse Rot, Vampiric Draining, Poisonous Vapours
     0 | D:1      | Reached XP level 1. HP: 16/16 MP: 2/2
   720 | D:1      | Gained mutation: You are partially covered in rugged brown
                  | scales. (AC +1, +3% HP) [demonic ancestry]
   720 | D:1      | Reached XP level 2. HP: 16/22 MP: 3/3
  1677 | D:2      | Gained mutation: You regenerate a little health from kills.
                  | [demonic ancestry]
  1677 | D:2      | Reached XP level 3. HP: 27/27 MP: 5/5
  2058 | D:2      | Slain by a kobold

Illustrated notes

Levels and vault maps discovered:
D:1:      psy_arrival_basics, layout_loops_corners, chequers_garden,
          minmay_tetromino_s4
D:2:      layout_loops_ring, chequers_ecumenical_altar_twisty

Action                   || total
-------------------------++-------
Melee: Mace              ||    13
       Spear             ||   138
 Cast: Animate Skeleton  ||     3
  Use: Scroll            ||     4
       Potion            ||     4
Armor: Chain mail        ||     5
       Ring mail         ||    82
Dodge: Dodged            ||    98

Table legend: (Time is in decaauts)
 A = Elapsed time spent in this place.
 B = Non-inter-level travel time spent in this place.
 C = Inter-level travel time spent in this place.
 D = Time resting spent in this place.
 E = Time spent auto-exploring this place.
 F = Levels seen in this place.
 G = Mean time per level.
                   A        B        C        D        E       F      G
               +--------+--------+--------+--------+--------+-----+--------+
         Total |   2074 |   2074 |      0 |      0 |   1720 |   2 | 1037.0 |
       Dungeon |   2074 |   2074 |      0 |      0 |   1720 |   2 | 1037.0 |
               +--------+--------+--------+--------+--------+-----+--------+

Top non-repeatable levels by time:
     D:1: 1364 daAuts
     D:2: 710 daAuts
